AoeStats
← ChenH

MegaRandom

509796870Analyzed
4v4 RM · 5d ago on Sep 28, 2026· 38m 28s· 8 players
Game mode
Random Map
Map size
Large (8 player)
Population
200
Speed
Normal
Resources
Standard
Victory
Conquest
Starting age
Dark Age
Ending age
Imperial Age
RankedLock teamsTeams togetherTeam positionsShared explorationLock speedFull tech treeHidden civsTurbo modeCheats
Victory
Defeat
🇨🇳 Burmese · China
1288
+11
🇨🇳 Magyars · China
1240
+12
🇺🇸 Danes · United States
1175
+15
🇨🇳 Vietnamese · China
1096
+19
🇺🇾 Italians · Uruguay
1204
-16
🇳🇮 Goths · Nicaragua
1170
-15
🇺🇸 Mongols · United States
1154
-14
🇳🇮 Burgundians · Nicaragua
1096
-12
rampage943
10:29 Feudal Age
8:45 Loom
17:31 Castle Age
29:27 Bloodlines
31:10 Husbandry
31:31 Double-Bit Axe
32:25 Horse Collar
35:20 Fletching
37:28 Thumb Ring
Naxzh Foster
8:24 Loom
10:10 Feudal Age
15:10 Castle Age
14:00 Double-Bit Axe
14:00 Horse Collar
17:20 Bow Saw
17:13 Heavy Plow
20:44 Fletching
24:26 Wheelbarrow
23:46 Pikeman
25:48 Stone Mining
26:22 Hand Cart
28:34 Scale Mail Armor
28:44 Forging
30:32 Squires
30:44 Bodkin Arrow
32:32 Chain Mail Armor
34:15 Gold Mining
35:04 Stone Shaft Mining
39:09 Imperial Age
37:58 Iron Casting
37:54 Town Watch
38:18 Anarchy
El tío Furcio!
5:17 Loom
11:46 Feudal Age
10:52 Double-Bit Axe
18:11 Castle Age
17:01 Bow Saw
17:25 Horse Collar
18:14 Cavalier
18:58 Husbandry
21:45 Forging
23:34 Scale Barding Armor
26:34 Wheelbarrow
27:41 Hand Cart
30:09 Chain Barding Armor
30:25 Iron Casting
35:11 Imperial Age
36:29 Paladin
Kempachi
10:07 Feudal Age
8:30 Loom
10:54 Double-Bit Axe
16:53 Castle Age
17:10 Horse Collar
20:25 Crossbowman
21:34 Bow Saw
21:34 Stone Mining
22:19 Heavy Plow
26:07 Fletching
26:47 Thumb Ring
28:05 Wheelbarrow
27:35 Bodkin Arrow
29:49 Ballistics
29:52 Gold Mining
30:38 Stone Shaft Mining
30:41 Padded Archer Armor
32:57 Wheelbarrow
32:07 Town Watch
38:11 Imperial Age
36:18 Caravan
36:41 Leather Archer Armor
37:31 Murder Holes
37:17 Treadmill Crane
ChenH
11:16 Feudal Age
12:43 Horse Collar
12:54 Double-Bit Axe
17:50 Castle Age
19:46 Bow Saw
21:22 Heavy Plow
23:49 Loom
25:10 Wheelbarrow
25:17 Stone Mining
27:25 Hand Cart
26:59 Arson
27:15 Squires
27:01 Gambesons
27:16 Hamask
27:28 Hamask
31:41 Imperial Age
29:22 Scale Mail Armor
29:49 Gold Mining
30:28 Forging
30:34 Chain Mail Armor
31:53 Iron Casting
31:46 Elite Varangian Guard
33:11 Conscription
34:41 Blast Furnace
35:35 Plate Mail Armor
mmmmmoooo
10:40 Feudal Age
15:30 Castle Age
14:08 Double-Bit Axe
17:31 Bow Saw
18:00 Gold Mining
21:44 Horse Collar
22:53 Fletching
24:55 Padded Archer Armor
25:35 Crossbowman
27:05 Thumb Ring
26:45 Pikeman
27:25 Bodkin Arrow
27:32 Loom
31:40 Leather Archer Armor
36:37 Imperial Age
34:18 Squires
35:26 Wheelbarrow
36:44 Arbalester
38:45 Chemistry
38:54 Bracer
39:24 Ring Archer Armor
dy小妖
6:57 Loom
9:21 Feudal Age
10:02 Double-Bit Axe
12:56 Horse Collar
14:23 Scale Barding Armor
19:03 Bloodlines
23:42 Castle Age
21:46 Gold Mining
24:55 Chain Barding Armor
24:37 Husbandry
27:27 Bow Saw
31:03 Light Cavalry
36:14 Fletching
见不久好
3:18 Loom
11:44 Feudal Age
16:56 Castle Age
15:27 Stone Mining
17:15 Wheelbarrow
18:26 Scale Barding Armor
19:54 Gold Mining
24:55 Husbandry
31:41 Forging
32:37 Bloodlines
Connection lost

Rejoining the realm…

Still unreachable

The connection could not be restored.

Session expired

The server has moved on; the page needs a fresh start.